 Dungeon Crawl Stone Soup version 0.29-a0-330-g52719c12eb (webtiles) character file.

Game seed: 9305217782654816898

306 kae the Firebug (level 6, -2/39 HPs)
             Began as an Octopode Fire Elementalist on Apr 18, 2022.
             Slain by Eustachio
             ... wielding a +0 falchion
              (4 damage)
             ... on level 4 of the Dungeon.
             The game lasted 00:02:29 (5281 turns).

kae the Firebug (Octopode Fire Elementalist)        Turns: 5281, Time: 00:02:30

Health: -2/39      AC:  1    Str:  8    XL:     6   Next: 39%
Magic:  6/10       EV: 17    Int: 19    God:
Gold:   61         SH:  0    Dex: 12    Spells: 4/10 levels left

rFire   . . .      SeeInvis .   i - +0 dagger
rCold   . . .      Faith    .   (no shield)
rNeg    . . .      Spirit   .   (helmet restricted)
rPois   .          Reflect  .   (no amulet)
rElec   .          Harm     .   b - +4 ring of evasion
rCorr   .          Rampage  .   (no ring)
Will    .....                   (no ring)
Stlth   ++++......              (no ring)
HPRegen 0.13/turn               (no ring)
MPRegen 0.12/turn               (no ring)
                                (no ring)
                                (no ring)

@: no status effects
A: almost no armour, amphibious, 8 rings, camouflage 1, gelatinous body 1,
(nimble swimmer 1), tentacles
a: no special abilities


You were on level 4 of the Dungeon.
You visited 1 branch of the dungeon, and saw 4 of its levels.

You collected 164 gold pieces.
You spent 103 gold pieces at shops.

Inventory:

Hand Weapons
 i - a +0 dagger (weapon)
Jewellery
 b - a +4 ring of evasion (left tentacle)
Wands
 n - a wand of digging (4)
Scrolls
 c - 2 scrolls of vulnerability {unknown}
 e - a scroll of noise {unknown}
 g - 3 scrolls of enchant armour {unknown}
 h - 5 scrolls of identify
 j - a scroll of holy word {unknown}
 l - 2 scrolls of fear {unknown}
 o - 2 scrolls of magic mapping
 p - a scroll of teleportation {unknown}
 r - 4 scrolls of immolation {unknown}
 s - a scroll of blinking {unknown}
Potions
 a - a potion of magic
 d - 5 potions of curing {unknown}
 f - 4 potions of ambrosia {unknown}
 k - a potion of cancellation {unknown}
 m - 2 potions of haste {unknown}
 q - 2 potions of brilliance {unknown}
 t - 2 potions of flight {unknown}
 u - a potion of resistance {unknown}


   Skills:
 + Level 2.1 Fighting
 + Level 3.0 Dodging
 + Level 4.3 Stealth
 + Level 2.8 Spellcasting
 + Level 2.3 Conjurations
 * Level 4.4 Fire Magic


You had 4 spell levels left.
You knew the following spells:

 Your Spells              Type           Power      Damage    Failure   Level
a - Foxfire               Conj/Fire      60%        2x1d7     3%          1
b - Scorch                Fire           38%        2d6       3%          2
c - Conjure Flame         Conj/Fire      15%        6-21      12%         3

Your spell library contained the following spells:

 Spells                   Type           Power      Damage    Failure   Level
 Inner Flame              Hex/Fire       11%        N/A       19%         3
 Ignite Poison            Fire/Tmut/Pois 8%         N/A       26%         3
 Mephitic Cloud           Conj/Pois/Air  5%         N/A       32%         3
 Flame Wave               Conj/Fire      15%        2d6       36%         4
 Summon Guardian Golem    Hex/Summ       2%         N/A       43%         3
 Freezing Cloud           Conj/Ice/Air   2%         6-21      97%         5
 Orb of Destruction       Conj           5%         9d5       100%        7
 Spellforged Servitor     Conj/Summ      3%         N/A       100%        7


Dungeon Overview and Level Annotations

Branches:
Dungeon (4/15)
 Temple: D:4-7

Altars:

Shops:
D:1 *   D:3 [(?=*

Annotations:
D:4 Eustachio, Sigmund


Innate Abilities, Weirdness & Mutations

You cannot wear most types of armour.
You are amphibious.
You can wear up to eight rings at the same time.
Your skin changes colour to match your surroundings (Stealth+).
Your rubbery body absorbs attacks. (AC +1, EV +1)
((You are camouflaged when in or above water. (Stealth+)))
You have tentacles for arms and can constrict up to eight enemies at once.


Message History

The bat misses you. The quokka misses you. The river rat misses you.
Eustachio hits you with a +0 falchion!
You hit Eustachio. Your grab misses Eustachio.
Eustachio is heavily wounded.
The bat misses you. The quokka completely misses you. The river rat bites you.
The bat barely misses you. Eustachio hits you with a +0 falchion.
You miss Eustachio. You grab Eustachio.
Eustachio is heavily wounded.
You constrict Eustachio, but do no damage.
The bat hits you. The quokka bites you. The river rat closely misses you.
Eustachio misses you.
You hit Eustachio but do no damage.
Eustachio is heavily wounded.
You constrict Eustachio, but do no damage.
The bat misses you. The quokka misses you. The river rat bites you.
Eustachio closely misses you.
You hit Eustachio.
You squeeze Eustachio, but do no damage.
Eustachio is severely wounded.
You constrict Eustachio. The bat barely misses you.
The quokka closely misses you. The river rat bites you!
* * * LOW HITPOINT WARNING * * *
The quokka completely misses you.
Eustachio says, "Summoning is fun!"
Eustachio gestures wildly while chanting.
Eustachio struggles to blink free from constriction.
You hit Eustachio.
Eustachio is severely wounded.
You constrict Eustachio. The bat misses you. The quokka closely misses you.
The river rat misses you. Eustachio completely misses you.
You hit Eustachio.
Eustachio is severely wounded.
You constrict Eustachio. The bat closely misses you. The quokka bites you.
* * * LOW HITPOINT WARNING * * *
The river rat bites you.
* * * LOW HITPOINT WARNING * * *
The bat hits you.
* * * LOW HITPOINT WARNING * * *
Eustachio hits you with a +0 falchion.
You die...

....#.......#....#..#.........#..
....#..##...#....#..#.........#..
....#..##...#....#..#.........#..
....#.......'....#..#.........###
....#.......#....#..#....######..
....#..###..#....####....'.......
....#..###..####r........#.......
....'..........#rr.......#.##....
....#.÷........#@b...##'##.##..).
#####..........#.@...#§........<.
'..............#)....'...........
#..##...##..####.....#....#######
#..########## ..##'##.... ##...#
....# ..# ..@.... #..... ....#
..# ........#..... ....# ..!#
.......'..... ##### ############


You could see Eustachio, 2 river rats, a quokka (summoned) and a bat (summoned).

Vanquished Creatures
  A scorpion (D:4)
  An orc priest (D:4)
  A hound (D:4)
  Natasha (thrice) (D:3)
  Robin (D:4)
  3 adders
  An ufetubus (D:4)
  2 worms
  A dart slug (D:3)
  2 orcs (D:4)
  3 endoplasms
  3 giant cockroaches
  18 goblins
  6 hobgoblins
  A quokka (D:1)
  7 ball pythons
  2 bats (D:1)
  2 frilled lizards
  7 kobolds
  2 rats
67 creatures vanquished.

Vanquished Creatures (others)
  217 foxfires
217 creatures vanquished.

Grand Total: 284 creatures vanquished

Notes
Turn   | Place    | Note
-------+----------+-------------------------------------------
     0 | D:1      | kae the Octopode Fire Elementalist began the quest for the
                  | Orb.
     0 | D:1      | Reached XP level 1. HP: 11/11 MP: 3/3
   287 | D:1      | Found Roog's Assorted Antiques.
   293 | D:1      | Bought a scroll labelled SUPSAUSSUKHLI for 19 gold pieces
   547 | D:1      | Reached XP level 2. HP: 18/18 MP: 3/5
  1520 | D:2      | Reached XP level 3. HP: 22/22 MP: 3/6
  1523 | D:2      | Learned a level 2 spell: Scorch
  1527 | D:2      | Learned a level 3 spell: Conjure Flame
  1876 | D:2      | Found a faded altar of an unknown god.
  2408 | D:3      | Found Dusur's Jewellery Shop.
  2417 | D:3      | Reached skill level 1 in Fighting
  2442 | D:3      | Found Kialeuse's Magic Scroll Shop.
  2449 | D:3      | Bought a scroll of magic mapping for 38 gold pieces
  2449 | D:3      | Bought a scroll of identify for 22 gold pieces
  2466 | D:3      | Noticed Natasha
  2470 | D:3      | Killed Natasha
  2471 | D:3      | Reached XP level 4. HP: 13/28 MP: 0/7
  2656 | D:3      | Found Casuoriups's Assorted Antiques.
  2659 | D:3      | Bought a scroll labelled HIEQAB TUBRA for 24 gold pieces
  2768 | D:3      | Noticed Natasha
  2775 | D:3      | Killed Natasha
  2830 | D:3      | Found Guoniv's Weapon Shoppe.
  2841 | D:3      | Found Kaettum's Armour Emporium.
  3151 | D:3      | Noticed Natasha
  3160 | D:3      | Killed Natasha
  3161 | D:3      | Reached XP level 5. HP: 16/33 MP: 0/8
  3649 | D:4      | Noticed Robin
  3753 | D:4      | Killed Robin
  4138 | D:4      | Noticed Eustachio
  4415 | D:4      | Reached XP level 6. HP: 16/39 MP: 0/10
  4947 | D:4      | Noticed Sigmund
  5281 | D:4      | Slain by Eustachio

Illustrated notes

Levels and vault maps discovered:
D:1:      kilobyte_arrival_exit_the_forest, layout_basic, serial_bayou,
          serial_bayou_lake_a, serial_bayou_pond_c, serial_bayou_ford_a,
          serial_bayou_pond_d, serial_shops, nicolae_square_shop
D:2:      layout_basic, hellmonk_ecumenical_altar_heavens_door
D:3:      layout_loops_ring, serial_shops, nicolae_shop_advertising_works
          [nicolae_subvault_shop_adworks], nicolae_shop_window_shopping, shop,
          shop, shop, uniq_natasha
D:4:      layout_gridville, minivault_26, minmay_liquid_box, uniq_eustachio,
          uniq_robin, uniq_sigmund

Skill      XL: |  1  2  3  4  5  6 |
---------------+-------------------+-----
Stealth        | 3 4 |  4.3
Fighting       | 1 2 |  2.1
Fire Magic     | 4 |  4.4
Conjurations   | 2 |  2.3
Dodging        | 3 |  3.0
Spellcasting   | |  2.8

Action                   |  1- 3 |  4- 6 || total
-------------------------+-------+-------++-------
Melee: Unarmed           |     4 |       ||     4
       Constrict         |     3 |     5 ||     8
       Tentacles         |     2 |     3 ||     5
       Dagger            |     2 |    26 ||    28
 Cast: Foxfire           |    66 |    60 ||   126
       Scorch            |     2 |    23 ||    25
Armor: Skin              |     2 |     3 ||     5
Dodge: Dodged            |     7 |    59 ||    66

Table legend: (Time is in decaauts)
 A = Elapsed time spent in this place.
 B = Non-inter-level travel time spent in this place.
 C = Inter-level travel time spent in this place.
 D = Time resting spent in this place.
 E = Time spent auto-exploring this place.
 F = Levels seen in this place.
 G = Mean time per level.
                   A        B        C        D        E       F      G
               +--------+--------+--------+--------+--------+-----+--------+
         Total |   5280 |   5187 |     93 |    235 |   4326 |   4 | 1320.0 |
       Dungeon |   5280 |   5187 |     93 |    235 |   4326 |   4 | 1320.0 |
               +--------+--------+--------+--------+--------+-----+--------+

Top non-repeatable levels by time:
     D:4: 1742 daAuts
     D:2: 1296 daAuts
     D:1: 1256 daAuts
     D:3: 984 daAuts
